Description

This build order is a fake Stargate into Zealot/archon all-in.

VOD

https://youtu.be/4sEZv2_GXHM

Replay - Countess v zuka - Jagannatha LE

Build Order

Get SALT Encoding   

  12  0:00  Probe  
  13  0:12  Probe  
  14  0:17  Pylon  
  14  0:24  Probe (Chrono Boost)  
  16  0:37  Probe (Chrono Boost)  
  16  0:38  Gateway  
  16  0:42  Probe (Chrono Boost)  
  16  0:47  Assimilator  
  17  0:51  Probe  
  17  0:55  Assimilator  
  18  1:03  Probe  
  19  1:15  Probe  
  19  1:16  Gateway  
  20  1:27  Cybernetics Core  
  20  1:29  Probe  
  21  1:37  Pylon  
  21  1:41  Probe  
  23  2:00  Stalker (Chrono Boost)  
  23  2:07  Stargate  
  25  2:11  Warp Gate (Chrono Boost)  
  26  2:22  Twilight Council  
  26  2:26  Stalker x2  
  30  2:50  Pylon  
  30  2:59  Dark Shrine  
  30  3:15  Robotics Facility  
  30  3:20  Shield Battery  
  30  3:32  Nexus  
  30  3:41  Pylon  
  31  3:53  Gateway  
  32  4:11  Dark Templar x2  
  38  4:24  Charge (Chrono Boost)  
  39  4:52  Zealot x2  
  49  5:17  Gateway x2  
  49  5:24  Gateway  
  49  5:27  Archon  
  51  5:33  Gateway x2, Observer (Chrono Boost)  
  52  5:44  Dark Templar x2  
  58  5:55  Archon  
  58  6:01  Pylon  
  58  6:14  Dark Templar x2  
  62  6:18  Archon  
  62  6:20  Zealot x3  
  64  6:31  Zealot x3  
  60  6:41  Zealot x2  
  66  7:05  Dark Templar x2  
Spawning Tool Build Advisor. Get it on Overwolf

Go to:

Details

  • Created by: zuka      
  • Published on: Jun 10, 2021
  • Patch: 4.11.0
  • Difficulty: Easy
Show
View Real Time Build Order
Export as new Build Order

Comments (0)

There are no comments. Be the first!

Create an account to comment!